 Dungeon Crawl Stone Soup version 0.30-a0-603-g51a0fb1b98 (webtiles) character file.

Game seed: 11852791407729183491

2468 kae the Changer (level 9, -11/70 HPs)
             Began as a Demonspawn Transmuter on Jan 7, 2023.
             Was a Follower of Ru.
             Mangled by a hornet (14 damage)
             ... on level 7 of the Dungeon.
             The game lasted 00:07:40 (6430 turns).

kae the Changer (Demonspawn Transmuter)             Turns: 6430, Time: 00:07:40

Health: -11/70     AC:  8    Str: 18    XL:     9   Next: 26%
Magic:  13/16      EV: 10    Int: 17    God:    Ru [*.....]
Gold:   476        SH:  0    Dex: 20    Spells: 9/18 levels left

rFire   x . .      SeeInvis .      - Unarmed
rCold   + + +      Faith    .    (shield currently unavailable)
rNeg    . . .      Spirit   .    (body armour currently unavailable)
rPois   +          Reflect  .    (helmet currently unavailable)
rElec   .          Harm     .    (cloak currently unavailable)
rCorr   .          Rampage  .    (gloves currently unavailable)
Will    .....                    (boots currently unavailable)
Stlth   ++                       (no amulet)
HPRegen 0.31/turn                S - +6 ring of strength
MPRegen 0.15/turn                D - +6 ring of dexterity

@: ice-form, slowed, very slow
A: freezing attack, amphibious, boosted hp, large, (horns 1), (molten scales 1),
powered by death 1, hated by all
a: End Transformation, Renounce Religion


You were on level 7 of the Dungeon.
You worshipped Ru.
Ru was aware of your devotion.
You were a creature of crystalline ice.
You visited 2 branches of the dungeon, and saw 8 of its levels.

You collected 476 gold pieces.


Innate Abilities, Weirdness & Mutations

You are a creature of crystalline ice.
You have a powerful freezing melee attack.
You are amphibious.
Your maximum health is increased.
Your armour is entirely melded.
You are incapable of wielding weapons or throwing items.
((You have a pair of small horns on your head.))
((You are partially covered in molten scales. (AC +2)))
You regenerate a little health from kills.
You are hated by all.


   Skills:
 - Level 1.0 Fighting
 - Level 1.7 Dodging
 + Level 5.6 Unarmed Combat
 + Level 5.1 Spellcasting
 * Level 7.2 Transmutations
 * Level 5.4 Ice Magic
 - Level 1.5 Poison Magic


You had 9 spell levels left.
You knew the following spells:

 Your Spells              Type           Power      Damage    Failure   Level
b - Wereblood             Tmut           29%        N/A       1%          2
c - Spider Form           Tmut/Pois      19%        N/A       7%          3
d - Ice Form              Ice/Tmut       25%        N/A       11%         4

Your spell library contained the following spells:

 Spells                   Type           Power      Damage    Failure   Level
 Beastly Appendage        Tmut           58%        N/A       1%          1
 Ozocubu's Armour         Ice            22%        N/A       4%          3
 Ensorcelled Hibernation  Hex/Ice        26%        N/A       7%          2
 Slow                     Hex            16%        N/A       14%         1
 Poisonous Vapours        Pois/Air       12%        N/A       16%         2
 Cigotuvi's Dreadful Rot  Necr/Pois/Air  12%        N/A       17%         2
 Mephitic Cloud           Conj/Pois/Air  6%         N/A       34%         3
 Confusing Touch          Hex            4%         N/A       38%         3
 Dazzling Flash           Conj/Hex       8%         N/A       38%         3
 Vampiric Draining        Necr           4%         2d6       38%         3
 Metabolic Englaciation   Hex/Ice        6%         N/A       78%         5
 Anguish                  Hex/Necr       2%         N/A       80%         4
 Iskenderun's Mystic Bla  Conj/Tloc      4%         2d3       80%         4
 Iron Shot                Conj/Erth      2%         9d2       100%        6
 Starburst                Conj/Fire      2%         6d3       100%        6
 Storm Form               Tmut/Air       8%         N/A       100%        7
 Summon Small Mammal      Summ           Unusable   N/A       N/A         1
 Call Canine Familiar     Summ           Unusable   N/A       N/A         3
 Summon Guardian Golem    Hex/Summ       Unusable   N/A       N/A         3
 Simulacrum               Ice/Necr       Unusable   N/A       N/A         6

Inventory:

Missiles
 d - 8 poisoned darts
 g - 64 stones
 i - 3 throwing nets {=f!f}
 s - 2 boomerangs
Armour
 a - a +1 robe (melded)
Jewellery
 D - a +6 ring of dexterity (right front paw)
   (You found it on level 4 of the Dungeon)
 S - a +6 ring of strength (left front paw)
   (You found it on level 2 of the Dungeon)
Wands
 f - a wand of digging (6)
   (You found it on level 3 of the Dungeon)
 j - a wand of roots (11)
   (You took it off Jessica on level 2 of the Dungeon)
 r - a wand of paralysis (4)
   (You found it on level 4 of the Dungeon)
Scrolls
 c - 2 scrolls of teleportation {@r4}
 e - a scroll of immolation {!r!r}
 n - a scroll of vulnerability {unknown}
 o - a scroll of enchant weapon {unknown}
 q - 2 scrolls of blinking {unknown}
 t - a scroll of poison {!r}
 u - 3 scrolls of identify {@r1}
Potions
 b - 2 potions of lignification {!q}
 h - 4 potions of curing {@q1}
 k - a potion of mutation {!q}
 l - 2 potions of haste {@q3}
 m - 2 potions of flight
 p - a potion of heal wounds {@q2}

Dungeon Overview and Level Annotations

Branches:
Dungeon (7/15) Zot: 26417  Temple (1/1) D:5 Zot: 5955

Altars:
Ashenzari
Cheibriados
Dithmenos
Gozag
Kikubaaqudgha
Makhleb
Nemelex Xobeh
Okawaru
Qazlal
Ru
Sif Muna
Trog
Uskayaw
Vehumet
Wu Jian
Xom

Shops:
D:1 * D:6

= #### #. #######..) .## #
#......... ..# .#
#.#####.## ... . #.# #.#
#.#.# #.# #.## #.####.#.#
#.# #... #....y...# #.#
#### ### #Y# ##.### #
##.###.# ##....## ##
####...##.#####.###..####.
+...............# #...))).
####......#####.###..####.
##..#### ###....######
##.# #.........# # #.#
#.........# #.#
#.........#


You could see a hornet.


Message History

You lost 4 mp, and now have 4/16 mp.
You punch the orc wizard! You freeze the orc wizard.
You kill the orc wizard!
An orc comes into view. It is wielding a +0 war axe.
There is an open door here.
Things that are here:
a +0 dagger; a +0 robe
There are monsters nearby!
You punch the orc! You freeze the orc.
You kill the orc!
The orc hits you but does no damage.
Things that are here:
a +0 whip; a +0 ring mail; 😎 MP[+1]
You hit the orc. You freeze the orc.
You kill the orc!
You barely miss the orc. The orc hits you with a +0 war axe!
An orc is nearby!
An orc is nearby!
You punch the orc! You freeze the orc.
You kill the orc!
No target in view! 😕 HP[-5]
You take 5 damage, and now have 65/70 hp.
Ru believes you are ready to make a new sacrifice. 😎 HP[+5] MP[+1]
Your hp is fully restored (70).
You feel less contaminated with magical energies.
Your transformation is almost over.
You warm up again.
Your +1 robe unmelds from your body.
Key pressed, stopping explore.
Things that are here:
a +0 war axe; a +0 short sword; an orc corpse
g - 64 stones (gained 3)
Your magical contamination has completely faded away. 😎 HP[-11] MP[+10]
You now have 59 max hp (-11).
Your mp is fully restored (16).
u - 3 scrolls of identify {@r1} (gained 1)
You now have 476 gold pieces (gained 10).
Key pressed, stopping explore.
A hornet comes into view.
The hornet buzzes angrily.
Ru asks you to sacrifice your ability to be loved.
This is a major sacrifice.
Piety after sacrifice: *.....
Do you really want to make this sacrifice?
You are now hated by all.
You now exude an aura of power that intimidates your foes.
Unknown command.
A hornet is nearby!
A hornet is nearby!
A hornet is nearby!
A hornet is nearby!
Casting: Ice Form (dangerous; 11% risk of failure)
Confirm with . or Enter, or press ? or * to list all spells.
You turn into a creature of crystalline ice.
Your +1 robe melds into your body.
The hornet stings you but does no damage.
The hornet stings you.
You feel yourself slow down.
You feel yourself speed up. The hornet stings you.
You suddenly lose the ability to move!
The hornet stings you but does no damage.
The hornet stings you!
You shrug off the repeated paralysis!
The hornet stings you! The hornet stings you.
You are poisoned.
You can move again. 😮 HP[-23] MP[-4]
You now have 70 max hp (+11).
You take 23 damage, and now have 36/70 hp.
MASSIVE DAMAGE!! (PAUSE)
You lost 4 mp, and now have 12/16 mp.
You hit the hornet but do no damage.
You feel very sick.
The hornet stings you but does no damage. 😨 HP[-3]
You take 3 damage, and now have 33/70 hp.
You punch the hornet! You freeze the hornet.
You feel sick.
The hornet is stunned by your conviction and fails to attack.
The hornet stings you!
* * * LOW HITPOINT WARNING * * *
😨 HP[-13]
You take 13 damage, and now have 20/70 hp.
Unknown command.
You completely miss the hornet.
You feel sick.
The hornet barely misses you. 😨 HP[-1] MP[+1]
You take 1 damage, and now have 19/70 hp.
Unknown command.
You punch the hornet! You freeze the hornet.
You feel sick. The hornet stings you!
* * * LOW HITPOINT WARNING * * *
You feel yourself slow down. 😱 HP[-12]
You take 12 damage, and now have 7/70 hp.
Unknown command.
Unknown command.
You feel better. The hornet stings you!
* * * LOW HITPOINT WARNING * * *
The hornet barely misses you. The hornet stings you!
You die...

Skill      XL: |  1  2  3  4  5  6  7  8  9 |
---------------+----------------------------+-----
Transmutations | 2 3 4 5 6 7 |  7.2
Unarmed Combat | 3 4 5 |  5.6
Poison Magic   | 1 |  1.5
Spellcasting   | 3 4 5 |  5.1
Ice Magic      | 1 3 4 5 |  5.4
Fighting       | |  1.0
Dodging        | |  1.7

Action                   |  1- 3 |  4- 6 |  7- 9 || total
-------------------------+-------+-------+-------++-------
Melee: Unarmed           |   102 |   163 |   177 ||   442
       Kick              |    15 |    16 |     1 ||    32
       Headbutt          |    12 |    12 |     4 ||    28
       Punch             |     2 |     3 |       ||     5
 Cast: Beastly Appendage |    23 |    23 |     1 ||    47
       Spider Form       |     1 |    12 |     7 ||    20
       Wereblood         |       |     3 |     4 ||     7
       Ice Form          |       |       |    19 ||    19
Invok: Sacrifice Love    |       |       |     1 ||     1
 Abil: End Transformatio |       |     1 |     1 ||     2
Evoke: Wand              |       |       |     4 ||     4
  Use: Scroll            |     3 |     3 |     6 ||    12
       Potion            |       |     1 |     1 ||     2
 Stab: Sleeping          |       |     1 |       ||     1
       Paralysed         |       |       |     8 ||     8
Armor: Robe              |    28 |    15 |       ||    43
       Skin              |       |     3 |    65 ||    68
Dodge: Dodged            |    85 |   138 |    92 ||   315

Levels and vault maps discovered:
D:1:      scummos_arrival_hexagon, layout_rooms, serial_shops, shop,
          dreamdust_wishing_well
D:2:      layout_loops_ring, uniq_jessica
D:3:      layout_loops_ring
D:4:      layout_rooms, grunt_temple_overflow_cloverleaf
D:5:      layout_cave_pools, lemuel_temple_firewalk_b, kennysheep_flooded_box,
          st_stairs_1, amcnicky_mini_pool_medium
D:6:      layout_loops_corners, grunt_temple_overflow_octagram,
          mainiacjoe_overflow_paths, fedhas_altar_fruit_tree, st_stairs_12,
          nicolae_take_the_stairs, amcnicky_mini_pool_small, minivault_19,
          minmay_misc_feat_enclosed, uniq_grinder
D:7:      minmay_klotski, layout_loops_corners, uniq_prince_ribbit1,
          uniq_duvessa, uniq_menkaure
Temple:   nicolae_temple_ecumenical_triangle

Notes
Turn   | Place    | Note
-------+----------+-------------------------------------------
     0 | D:1      | kae the Demonspawn Transmuter began the quest for the Orb.
     0 | D:1      | Reached XP level 1. HP: 15/15 MP: 3/3
     0 | D:1      | magus.rc [v1.11.3]
    19 | D:1      | Reached skill level 2 in Transmutations
   137 | D:1      | Gained mutation: You regenerate a little health from kills.
                  | [demonic ancestry]
   137 | D:1      | Reached XP level 2. HP: 17/21 MP: 3/5
   170 | D:1      | Found Eruv's General Store.
   203 | D:1      | You pick up a book of Vapours and begin reading...
   203 | D:1      | You add the spells Poisonous Vapours, Cigotuvi's Dreadful
                  | Rot and Mephitic Cloud to your library.
   380 | D:1      | Reached skill level 3 in Unarmed Combat
   385 | D:1      | You pick up a book of Debilitation and begin reading...
   385 | D:1      | You add the spells Slow, Vampiric Draining and Confusing
                  | Touch to your library.
   502 | D:1      | Reached XP level 3. HP: 26/26 MP: 4/6
   516 | D:1      | Learned a level 2 spell: Wereblood
   520 | D:1      | Learned a level 3 spell: Spider Form
   675 | D:2      | Noticed Jessica
   684 | D:2      | Killed Jessica
   685 | D:2      | Reached skill level 3 in Transmutations
   791 | D:2      | Reached XP level 4. HP: 27/32 MP: 5/7
  1362 | D:3      | Identified the +2 ring mail of the Butterfly {Str+4 Dex+3
                  | Stlth-}
  1484 | D:3      | Reached skill level 1 in Poison Magic
  1484 | D:3      | Gained mutation: You have a pair of small horns on your
                  | head. [demonic ancestry]
  1484 | D:3      | Reached XP level 5. HP: 37/37 MP: 5/9
  1715 | D:3      | Reached skill level 3 in Spellcasting
  1774 | D:3      | You pick up a book of Dreams and begin reading...
  1774 | D:3      | You add the spells Ensorcelled Hibernation and Anguish to
                  | your library.
  1783 | D:3      | You pick up a book of Winter and begin reading...
  1783 | D:3      | You add the spells Ozocubu's Armour, Metabolic Englaciation
                  | and Simulacrum to your library.
  1805 | D:3      | Learned a level 4 spell: Ice Form
  1925 | D:3      | You pick up a book of Spectacle and begin reading...
  1925 | D:3      | You add the spells Dazzling Flash, Iskenderun's Mystic
                  | Blast and Starburst to your library.
  2307 | D:4      | Reached skill level 4 in Transmutations
  2307 | D:4      | Reached XP level 6. HP: 43/43 MP: 6/10
  2637 | D:4      | You pick up a book of Callings and begin reading...
  2637 | D:4      | You add the spells Summon Small Mammal, Call Canine
                  | Familiar and Summon Guardian Golem to your library.
  2706 | D:4      | You add the spells Iron Shot and Storm Form to your
                  | library.
  2706 | D:4      | Got the Spellbook of Flesh and Impulse
  2747 | D:4      | Found a shimmering blue altar of Sif Muna.
  2747 | D:4      | Found a stormy altar of Qazlal.
  2747 | D:4      | Found a bloodstained altar of Trog.
  2899 | D:4      | You pick up a book of Vapours and begin reading...
  3038 | D:5      | Entered Level 5 of the Dungeon
  3047 | D:4      | HP: 9/43 [orc/+0 flail (4)]
  3049 | D:4      | Reached skill level 4 in Unarmed Combat
  3306 | D:5      | Reached skill level 1 in Ice Magic
  3306 | D:5      | Reached XP level 7. HP: 31/48 MP: 9/12
  3570 | D:5      | Reached skill level 5 in Transmutations
  3592 | D:5      | Reached skill level 2 in Ice Magic
  3627 | D:5      | Reached skill level 4 in Spellcasting
  3713 | D:5      | Reached skill level 3 in Ice Magic
  3713 | D:5      | Gained mutation: You are partially covered in molten
                  | scales. (AC +2) [demonic ancestry]
  3713 | D:5      | Reached XP level 8. HP: 38/54 MP: 10/14
  3956 | D:5      | Reached skill level 6 in Transmutations
  4211 | D:5      | Found a staircase to the Ecumenical Temple.
  4220 | Temple   | Entered the Ecumenical Temple
  4255 | Temple   | Became a worshipper of Ru the Awakened
  4633 | D:6      | Found a sparkling altar of Nemelex Xobeh.
  4635 | D:6      | Found a shadowy altar of Dithmenos.
  4640 | D:6      | Found a snail-covered altar of Cheibriados.
  4652 | D:6      | Found an ornate altar of the Wu Jian Council.
  4663 | D:6      | Found a basalt altar of Yredelemnul.
  4713 | D:6      | Reached skill level 5 in Unarmed Combat
  4715 | D:6      | Reached skill level 4 in Ice Magic
  5032 | D:6      | Found Rost's Jewellery Boutique.
  5082 | D:6      | Found a radiant altar of Vehumet.
  5260 | D:6      | Found a blossoming altar of Fedhas.
  5261 | D:6      | Noticed Grinder
  5272 | D:6      | Killed Grinder
  5414 | D:6      | Reached XP level 9. HP: 23/59 MP: 11/16
  5417 | D:6      | Reached skill level 5 in Spellcasting
  5444 | D:6      | Reached skill level 7 in Transmutations
  5444 | D:6      | Reached skill level 5 in Ice Magic
  5852 | D:7      | Paralysed by a hornet for 1 turns
  6421 | D:7      | Gained mutation: You are hated by all. [Ru sacrifice]
  6421 | D:7      | Reached * piety under Ru
  6423 | D:7      | Paralysed by a hornet for 3 turns
  6429 | D:7      | HP: 7/70 [hornet (11)]
  6430 | D:7      | HP: 3/70 [hornet (11)]
  6430 | D:7      | Mangled by a hornet

Vanquished Creatures
  Grinder (D:6)
  A hornet (D:7)
  A steam dragon (D:6)
  A water moccasin (D:5)
  A sky beast (D:6)
  A centaur (D:5)
  2 necrophages (D:5)
  A bullfrog (D:6)
  6 scorpions
  3 wights (D:5)
  A howler monkey (D:6)
  4 hounds
  3 jellies
  6 orc priests
  A gnoll bouda (D:7)
  Jessica (D:2)
  6 iguanas
  4 orc wizards
  7 gnolls
  6 adders
  3 ufetubi (D:5)
  A worm (D:2)
  3 dart slugs
  24 orcs
  11 ball pythons
  7 endoplasms
  4 giant cockroaches
  4 hobgoblins
  8 quokkas
  9 bats
  4 frilled lizards
  11 goblins
  4 kobolds
  9 rats
159 creatures vanquished.

Table legend:
 A = Non-vault XP
 B = Vault XP
 C = Vault XP percentage of total XP
 D = Non-vault monster count
 E = Vault monster count
 F = Vault count percentage of total count
                 A         B        C        D         E       F
            +---------+---------+-------+---------+---------+-------
      Total |    2787 |     739 |  21.0 |     147 |      12 |   7.5
            +---------+---------+-------+---------+---------+-------
        D:1 |      50 |       0 |   0.0 |      34 |       0 |   0.0
        D:2 |      42 |      37 |  46.8 |      18 |       1 |   5.3
        D:3 |     159 |       0 |   0.0 |      16 |       0 |   0.0
        D:4 |     271 |      82 |  23.2 |      28 |       2 |   6.7
        D:5 |     907 |     270 |  22.9 |      21 |       7 |  25.0
        D:6 |     976 |     350 |  26.4 |      21 |       2 |   8.7
        D:7 |     382 |       0 |   0.0 |       9 |       0 |   0.0
            +---------+---------+-------+---------+---------+-------

Illustrated notes

Table legend:
 A = Kills in this place as a percentage of kills in entire the game.
 B = Kills by you in this place as a percentage of kills by you in the entire game.
 C = Kills by friends in this place as a percentage of kills by friends in the entire game.
 D = Other kills in this place as a percentage of other kills in the entire game.
 E = Experience gained in this place as a percentage of experience gained in the entire game.
 F = Experience gained in this place divided by the number of levels of this place that you have seen.
                   A       B       C       D       E      F
               +-------+-------+-------+-------+-------+----------------------
         Total | 100.0 | 100.0 |   N/A |   N/A | 100.0 | 440.8
       Dungeon | 100.0 | 100.0 |   N/A |   N/A | 100.0 | 503.7
               +-------+-------+-------+-------+-------+----------------------

Table legend: (Time is in decaauts)
 A = Elapsed time spent in this place.
 B = Non-inter-level travel time spent in this place.
 C = Inter-level travel time spent in this place.
 D = Time resting spent in this place.
 E = Time spent auto-exploring this place.
 F = Levels seen in this place.
 G = Mean time per level.
                   A        B        C        D        E       F      G
               +--------+--------+--------+--------+--------+-----+--------+
         Total |   6399 |   6176 |    223 |    360 |   4611 |   8 |  799.9 |
       Dungeon |   6354 |   6140 |    214 |    360 |   4593 |   7 |  907.7 |
        Temple |     44 |     35 |      9 |      0 |     18 |   1 |   44.0 |
               +--------+--------+--------+--------+--------+-----+--------+

Top non-repeatable levels by time:
     D:6: 1339 daAuts
     D:5: 1164 daAuts
     D:4: 1090 daAuts
     D:3: 827 daAuts
     D:2: 693 daAuts
     D:1: 658 daAuts
     D:7: 580 daAuts
  Temple: 44 daAuts
